AoeStats
← DS_Fantasmic

Arabia

507050010Analyzed
1v1 RM · 17d ago on Sep 16, 2026· 32m 41s· 2 players
Game mode
Random Map
Map size
Tiny (2 player)
Population
200
Speed
Normal
Resources
Standard
Victory
Conquest
Starting age
Dark Age
Ending age
Imperial Age
RankedLock teamsTeams togetherTeam positionsShared explorationLock speedFull tech treeHidden civsTurbo modeCheats
Victory
Defeat
🇦🇷 Mapuche · Argentina
966
+17
🇳🇱 Lithuanians · Netherlands
989
-17
DS_Fantasmic
7:25 Loom
9:49 Feudal Age
10:11 Horse Collar
10:20 Double-Bit Axe
16:08 Fletching
16:28 Town Watch
16:48 Padded Archer Armor
19:16 Castle Age
19:54 Horse Collar
20:25 Bow Saw
20:14 Bodkin Arrow
21:12 Leather Archer Armor
27:54 Ballistics
Tomdomgo
11:41 Feudal Age
16:21 Castle Age
14:38 Double-Bit Axe
14:40 Horse Collar
35:31 Imperial Age
Connection lost

Rejoining the realm…

Still unreachable

The connection could not be restored.

Session expired

The server has moved on; the page needs a fresh start.